 Dungeon Crawl Stone Soup version 0.31-a0-640-g39d97e502b (webtiles) character file.

Game seed: 3877469281160814945

91 Mickster the Chopper (level 4, 0/41 HPs)
             Began as a Hill Orc Berserker on Aug 28, 2023.
             Was a Follower of Trog.
             Slain by Sigmund
             ... wielding a +0 scythe
              (10 damage)
             ... on level 2 of the Dungeon.
             The game lasted 00:03:41 (805 turns).

Mickster the Chopper (Hill Orc Berserker)            Turns: 805, Time: 00:03:42

Health: 0/41       AC:  5    Str: 21    XL:     4   Next: 59%
Magic:  4/4        EV: 11    Int:  7    God:    Trog [*.....]
Gold:   22         SH:  0    Dex: 10    Spells: 3/3 levels left

rFire   . . .        a - +0 hand axe
rCold   . . .        (no shield)
rNeg    . . .        g - +0 ring mail
rPois   .            (no helmet)
rElec   .            (no cloak)
rCorr   .            (no gloves)
SInv    .            (no boots)
Will    .....        (no amulet) Stlth
                     (no ring)
HPRegen 0.26/turn    (no ring)
MPRegen 0.09/turn

%: no passive effects
@: confused, on berserk cooldown
A: no striking features
a: Renounce Religion, Berserk


You were on level 2 of the Dungeon.
You worshipped Trog.
Trog was aware of your devotion.
You visited 1 branch of the dungeon, and saw 2 of its levels.

You collected 22 gold pieces.

Inventory:

Hand Weapons
 a - a +0 hand axe (weapon)
Missiles
 e - 5 darts of dispersal (quivered)
Armour
 b - a +0 animal skin
 g - a +0 ring mail (worn)
Potions
 c - a potion of attraction {unknown}
 d - a potion of mutation {unknown}
 f - a potion of curing {unknown}


   Skills:
 + Level 4.4 Fighting
 + Level 5.2 Axes
 + Level 2.4 Armour
 + Level 2.4 Dodging
 + Level 0.2 Stealth


You had 3 spell levels left.
You didn't know any spells.
Your spell library was empty.

Dungeon Overview and Level Annotations

Branches:
Dungeon (1/15)

Altars:

Annotations:
D:2 Sigmund


Message History

You feel yourself slow down.
Found a stone staircase leading down.
Found 8 gold pieces.
A kobold comes into view. It is wielding a +0 short sword.
The kobold shouts!
Sigmund the Dreaded comes into view.
He is wielding a +0 scythe.
Sigmund moves out of view.
You enter the shallow water.
Moving in this stuff is going to be slow.
Sigmund gestures wildly while chanting.
Sigmund flickers and vanishes!
Deactivating autopickup; reactivate with Ctrl-A.
Something tries to affect you, but you resist.
The kobold barely misses you.
Found a silvery potion.
The kobold splashes around in the water.
The kobold hits you with a +0 short sword.
The kobold closely misses you. The kobold attacks as it pursues you!
The kobold splashes around in the water.
The kobold misses you. The kobold attacks as it pursues you!
The kobold hits you but does no damage.
You barely miss the kobold. The kobold hits you but does no damage.
The kobold hits you with a +0 short sword.
You closely miss the kobold.
The kobold hits you with a +0 short sword.
Something hits you.
The kobold hits you with a +0 short sword.
* * * LOW HITPOINT WARNING * * *
You hit the kobold.
You kill the kobold!
Trog accepts your kill.
You feel yourself speed up.
You hear some strange, mumbled words.
You are confused.
You bump into the rock wall.
Something hits you but does no damage.
Unknown command.
You see here 8 gold pieces.
Something hits you!
You die...

#.###
#.........~~≈.~≈~♣.#
#..
#.........♣♣~.~~♣..#
....
......####P♣P.~~~.{#
####. ...## ♣~.~†♣.## #
#...♣♣~.~~~♣... #.
...###~~~~.~~~♣#...
........~P~P.~~~♣.....
#.#!#####♣~~~.~~~~..#.#
#.....@{)~~P~.~PP♣..# #
#.#.#####♣~~P.PP~####
.. ....♣PP.~~..... ...
.....~~.P..#### ...
..........>.# ..
............# .
##........#.#
#.#####..#.# #. #..#.#


There were no monsters in sight!

Vanquished Creatures
  Natasha (thrice) (D:2)
  2 ball pythons (D:1)
  An endoplasm (D:1)
  A goblin (D:1)
  2 hobgoblins (D:1)
  4 jackals (D:2)
  A bat (D:1)
  2 kobolds
  2 rats
18 creatures vanquished.

Notes
Turn   | Place    | Note
-------+----------+-------------------------------------------
     0 | D:1      | Mickster the Hill Orc Berserker began the quest for the
                  | Orb.
     0 | D:1      | Reached XP level 1. HP: 19/19 MP: 1/1
    74 | D:1      | Reached XP level 2. HP: 8/27 MP: 2/2
   473 | D:1      | You fall into a shaft and drop 1 floor!
   499 | D:2      | Noticed Natasha
   507 | D:2      | Killed Natasha
   508 | D:2      | Reached XP level 3. HP: 33/33 MP: 3/3
   567 | D:2      | Noticed Natasha
   587 | D:2      | Killed Natasha
   588 | D:2      | Reached skill level 5 in Axes
   588 | D:2      | Reached XP level 4. HP: 6/41 MP: 4/4
   753 | D:2      | Noticed Natasha
   770 | D:2      | Killed Natasha
   790 | D:2      | Noticed Sigmund
   805 | D:2      | Slain by Sigmund

Illustrated notes

Levels and vault maps discovered:
D:1:      amcnicky_arrival_underground_garden, layout_loops_ring
D:2:      layout_basic, minmay_misc_feat_hallway, serial_bayou_lagoon_b,
          uniq_natasha, uniq_sigmund, uniq_crazy_yiuf_cottage

Skill      XL: |  1  2  3 |
---------------+----------+-----
Fighting       | 4 |  4.4
Dodging        | 2 |  2.4
Axes           | 5 |  5.2
Armour         | |  2.4
Stealth        | |  0.2

Action                     |  1- 3 |  4- 6 || total
---------------------------+-------+-------++-------
  Melee: Hand axe          |    71 |    19 ||    90
         Punch             |       |     1 ||     1
 Invoke: Berserk           |     2 |     1 ||     3
    Use: Scroll            |     1 |       ||     1
 Armour: Animal skin       |    20 |       ||    20
         Ring mail         |       |     8 ||     8
  Dodge: Dodged            |    61 |    10 ||    71

Table legend: (Time is in decaauts)
 A = Elapsed time spent in this place.
 B = Non-inter-level travel time spent in this place.
 C = Inter-level travel time spent in this place.
 D = Time resting spent in this place.
 E = Time spent auto-exploring this place.
 F = Levels seen in this place.
 G = Mean time per level.
                   A        B        C        D        E       F      G
               +--------+--------+--------+--------+--------+-----+--------+
         Total |    851 |    851 |      0 |      0 |    539 |   2 |  425.5 |
       Dungeon |    851 |    851 |      0 |      0 |    539 |   2 |  425.5 |
               +--------+--------+--------+--------+--------+-----+--------+

Top non-repeatable levels by time:
     D:1: 477 daAuts
     D:2: 373 daAuts
